 Dungeon Crawl Stone Soup version 0.30-a0-782-ge64f9170bb (webtiles) character file.

Game seed: 16573071102589360745

601297 iskra the Executioner (level 26, -33/234 HPs)
             Began as a Minotaur Berserker on Feb 17, 2023.
             Was a High Priest of Trog.
             Killed from afar by an orb of fire (61 damage)
             ... with a bolt of fire
             ... on level 5 of the Realm of Zot on Feb 18, 2023.
             The game lasted 03:10:53 (69973 turns).

iskra the Executioner (Minotaur Berserker)         Turns: 69973, Time: 03:10:53

Health: -33/234    AC: 44    Str: 41      XL:     26   Next: 49%
Magic:  19/19      EV: 24    Int:  0 (5)  God:    Trog [*****.]
Gold:   6578       SH: 28    Dex: 24      Spells: 25/25 levels left

rFire   . . .      SeeInvis .    z - +9 broad axe (heavy)
rCold   . . .      Faith    .    K - +4 tower shield
rNeg    + + .      Spirit   .    C - +13 crystal plate armour "Buaz" {rPois}
rPois   +          Reflect  +    w - +2 hat {Int+3}
rElec   +          Harm     +    y - +2 cloak of the Stone Wall {Dex+5}
rCorr   +          Rampage  .    G - +2 pair of gloves "Vawuk" {Harm Will+ Dex+3}
Will    +++++                    s - +0 pair of boots of the Lily {rN++} Stlth
                                 d - amulet of Cunoggeq {Reflect rElec Dex+2 SH+5}
HPRegen 1.59/turn                q - ring "Sout" {rElec Will+ Str+7 Int-2 Dex+2}
MPRegen 0.16/turn                R - ring of Liegoocs {rPois rCorr Str+6}

@: strong-willed, corroded, regenerating, slowed, lost intelligence, studying
Dodging, unable to read, unable to drink, very slow
A: horns 2, retaliatory headbutt, hooves 2, deformed body, deterioration 1,
frail 1, low MP 1, strong-willed 1, weak 2, subdued magic 1, inability to drink
after injury 1, inability to read after injury 1
}: 3/15 runes: serpentine, barnacled, silver
a: Renounce Religion, Berserk, Trog's Hand, Brothers in Arms


You were on level 5 of the Realm of Zot.
You worshipped Trog.
Trog was extremely pleased with you.
You visited 10 branches of the dungeon, and saw 50 of its levels.
You visited the Abyss 1 time.
You also visited: Trove, Sewer, Gauntlet and Wizlab.

You collected 11645 gold pieces.
You spent 5067 gold pieces at shops.

Inventory:

Hand Weapons
 z - a +9 heavy broad axe (weapon)
 V - the +13 war axe of the Sky {flame, Fly rC- rN+++}
   (Trog gifted it to you on level 2 of the Vaults)

   rC:        It makes you vulnerable to cold.
   rN:        It renders you almost immune to negative energy.
   Fly:       It grants you flight.
Missiles
 t - 10 throwing nets
 A - 3 silver javelins
 O - 7 javelins
Armour
 s - the +0 pair of boots of the Lily (worn) {rN++}
   (You acquired it on level 1 of the Shoals)

   rN:        It greatly protects you from negative energy.
 w - a +2 hat of intelligence (worn)
 y - the +2 cloak of the Stone Wall (worn) {Dex+5}
   (You acquired it in a wizard's laboratory)

   Dex:       It affects your dexterity (+5).
 C - the +13 crystal plate armour "Buaz" (worn) {rPois}
   (You found it in a treasure trove)

   rPois:     It protects you from poison.
 G - the +2 pair of gloves "Vawuk" (worn) {Harm Will+ Dex+3}
   (You found it in a Gauntlet)

   Dex:       It affects your dexterity (+3).
   Harm:      It increases damage dealt and taken.
   Will:      It increases your willpower.
 K - a +4 tower shield (worn)
Jewellery
 d - the amulet of Cunoggeq (around neck) {Reflect rElec Dex+2 SH+5}
   (You acquired it on level 8 of the Dungeon)

   [amulet of reflection]

   It reflects blocked missile attacks.
   Dex:       It affects your dexterity (+2).
   rElec:     It insulates you from electricity.
   SH:        It affects your SH (+5).
 e - a ring of see invisible
 q - the ring "Sout" (left hand) {rElec Will+ Str+7 Int-2 Dex+2}
   (You found it in a treasure trove)

   [ring of willpower]

   Str:       It affects your strength (+7).
   Int:       It affects your intelligence (-2).
   Dex:       It affects your dexterity (+2).
   rElec:     It insulates you from electricity.
   Will:      It increases your willpower.
 R - the ring of Liegoocs (right hand) {rPois rCorr Str+6}
   (You bought it in a shop on level 2 of the Snake Pit)

   [ring of strength]

   Str:       It affects your strength (+6).
   rPois:     It protects you from poison.
   rCorr:     It protects you from acid and corrosion.
 T - a ring of flight
Wands
 g - a wand of charming (6)
 p - a wand of roots (15)
 r - a wand of digging (14)
 v - a wand of flame (20) (quivered)
 H - a wand of quicksilver (18)
Scrolls
 a - 2 scrolls of silence
 i - 11 scrolls of poison
 j - 3 scrolls of fear
 k - 45 scrolls of identify
 l - 6 scrolls of butterflies
 o - 10 scrolls of magic mapping
 x - 8 scrolls of teleportation
 B - 12 scrolls of fog
 N - 3 scrolls of blinking
 S - 2 scrolls of enchant weapon
Potions
 b - 7 potions of resistance
 c - 21 potions of curing
 f - 7 potions of heal wounds
 m - 6 potions of might
 n - 2 potions of invisibility
 u - 8 potions of haste
 D - 3 potions of flight
 E - a potion of attraction
 F - 3 potions of cancellation
 I - 2 potions of magic
Miscellaneous
 J - a tin of tremorstones (2/2)
 L - a box of beasts
 M - a phial of floods
 P - a lightning rod (4/4)
 Q - a condenser vane
 Y - a phantom mirror


   Skills:
 + Level 25.7 Fighting
 + Level 25.9 Axes
 - Level 12.6 Throwing
 + Level 25.5 Armour
 + Level 25.1 Dodging
 - Level 10.5 Shields
 * Level 19.8 Evocations


You had 25 spell levels left.
You didn't know any spells.
Your spell library was empty.

Dungeon Overview and Level Annotations

Branches:
Dungeon (15/15)            Temple (0/1) D:6            Lair (5/5) D:8
 Shoals (4/4) Lair:2        Snake (4/4) Lair:3        Slime (0/5) Lair:5
    Orc (2/2) D:12            Elf (3/3) Orc:2        Vaults (5/5) D:13
  Crypt (3/3) Vaults:3       Tomb (0/3) Crypt:3      Depths (4/4) D:15
    Zot (5/5) Depths:4      Sewer (visited)          WizLab (visited)
Gauntlet (visited)

Altars:
Ashenzari
Cheibriados
Fedhas
Hepliaklqana
Kikubaaqudgha
Makhleb
Nemelex Xobeh
Okawaru
Qazlal
Ru
Sif Muna
Trog
Uskayaw
Vehumet
Xom
Yredelemnul
Jiyva

Shops:
D:3 *   D:6 =   D:9 :!   Orc:2 ([=!?   Elf:2 :=:=   Elf:3 ?*   Shoals:3 *
Snake:2 !==   Snake:4 ?   Vaults:4 :   Vaults:5 !??[*[(

Portals:
Hell: Lair:5 Depths:1 Depths:2 Depths:3 Depths:4
Abyss: Depths:3
Pandemonium: Depths:2 Depths:4
Ziggurat: Depths:1

Annotations:
D:4 1 runed translucent door, OSaftLP's ghost, amateur DsGl
D:6 3 runed translucent doors, Goldberg's ghost, novice HuFi
D:14 exclusion: orange crystal statue
Lair:1 2 transporters, Tungsten's ghost, journeyman GrVM
Depths:3 1 transporter
Zot:4 8 runed translucent doors


Innate Abilities, Weirdness & Mutations

You have a pair of horns on your head.
You reflexively headbutt those who attack you in melee.
You have hoof-like feet.
Armour fits poorly on your strangely shaped body.
Your body sometimes deteriorates upon taking damage.
You are frail. (-10% HP)
Your magical capacity is low. (-10% MP)
You are strong-willed. (Will+)
You are very weak. (Str -4)
Your spells are a little easier to cast, but a little less powerful.
You occasionally lose the ability to drink potions when taking damage.
You occasionally lose the ability to read scrolls when taking damage.


Message History

The orb of fire emits a lurid red light.
The fireball explodes!
The fireball engulfs you!!!
The fireball engulfs the orb of fire.
The orb of fire completely resists.
The Killer Klown blinks!
The orb of fire glows red.
The fireball explodes!
The fireball engulfs you!!!
You feel threatened and lose the ability to read scrolls!
You feel threatened and lose the ability to drink potions!
* * * LOW HITPOINT WARNING * * *
The fireball engulfs the orb of fire.
The orb of fire completely resists.
The Killer Klown blinks!
You cannot read scrolls in your current state!
You cannot drink potions in your current state!
Your ogre goes berserk!
The orb of fire glows bright magenta.
The bolt of fire misses you.
The tentacled monstrosity tentacle-slaps your ogre! x3
The tentacled monstrosity grabs your ogre.
The tentacled monstrosity constricts your ogre!
Your ogre dies!
Your ogre's corpse disappears in a puff of smoke!
You block the storm dragon's attack. x2
The storm dragon tramples you but does no damage.
The storm dragon breathes lightning at you.
The bolt of lightning hits you! You resist.
* * * LOW HITPOINT WARNING * * *
The bolt of lightning hits the orb of fire.
The orb of fire completely resists.
The bolt of lightning hits the orb of fire.
The orb of fire completely resists.
Your skin crawls.
You feel strong-willed.
You can drink potions again.
You block the Killer Klown's attack.
The storm dragon bites you but does no damage.
You block the storm dragon's attack. The storm dragon misses you.
The orb of fire glows deep purple.
The bolt of fire hits you!!!
You feel threatened and lose the ability to drink potions!
You die...

...............
........^......
...............
...............
........^......
^........*.....
......***X.....
......D@*z9....
....../p.......
...............
...........^...
▓▓........^....
▓▓▓▓▓▓▓▓▓▓▓▓▓▓


You could see 5 orbs of fire, a Killer Klown, an electric golem, a tentacled
monstrosity, a storm dragon (catching breath) and a death cob.

Vanquished Creatures
  3 dread liches
  2 ancient liches
  Josephina (Depths:3)
  A royal mummy (Crypt:3)
  6 Killer Klowns (Zot:4)
  Vashnia (Snake:2)
  Saint Roka (Vaults:3)
  A curse toe (Zot:3)
  7 golden dragons
  Jory (Vaults:3)
  3 electric golems
  Jorgrun (Orc:1)
  A walking crystal tome (Depths:2)
  Rupert (Lair:5)
  16 tentacled monstrosities
  An acid blob (WizLab)
  4 liches
  5 titans
  5 deep elf blademasters
  9 Orb Guardians (Zot:5)
  7 quicksilver dragons
  A tentacled starspawn (Abyss:3)
  An Executioner (Abyss:3)
  5 death cobs
  5 deep elf master archers (Elf:3)
  6 sphinxes
  Polyphemus (Shoals:3)
  6 ancient champions
  Gastronok (D:11)
  The ghost of crabbyslav the Warrior, a journeyman OgCA of Ignis (Orc:2)
  The ghost of Mandevil the Warrior, an adept HuHu of Hepliaklqana (Shoals:3)
  6 tengu reavers
  Agnes (Snake:4)
  15 storm dragons
  6 shadow dragons
  9 draconian monks
  2 revenants
  15 nagarajas
  4 draconian knights
  A daeva (Abyss:3)
  Aizul (Snake:3)
  7 deep elf sorcerers
  10 fire giants
  A balrug (Depths:1)
  13 vault wardens
  2 iron dragons (Vaults:5)
  6 spectral caustic shrikes (Depths:2)
  5 frost giants
  7 draconian shifters
  3 draconian stormcallers
  3 curse skulls
  5 ghost moths
  3 draconian scorchers
  4 orc warlords
  34 very ugly things
  A cacodemon (Abyss:3)
  3 draconian annihilators
  19 ironbound preservers
  9 war gargoyles
  4 demonspawn corrupters (WizLab)
  12 stone giants
  2 spriggan defenders
  5 ironbound thunderhulks
  An ophan (Abyss:3)
  2 reapers
  9 vampire knights
  Nessos (Lair:4)
  11 green draconians
  A caustic shrike skeleton (Crypt:2)
  3 deep elf demonologists
  11 white draconians
  5 black draconians
  The ghost of TryHard88 the Warrior, a journeyman MiBe of Trog (Lair:2)
  7 deep elf annihilators
  18 dire elephants
  15 yellow draconians
  A minotaur (Gauntlet)
  17 purple draconians
  11 red draconians
  12 deep elf death magi
  5 merfolk javelineers
  A crystal guardian (Vaults:1)
  An eidolon (Elf:3)
  A green death (Zot:4)
  A blizzard demon (Depths:4)
  A mummy priest (Crypt:3)
  21 ettins
  9 merfolk impalers
  4 spectral elves (Elf:3)
  12 yaktaur captains
  10 jiangshi
  4 rakshasas
  3 great orbs of eyes
  3 entropy weavers
  9 deep elf high priests
  5 fire dragons
  32 vault guards
  10 ice dragons
  Harold (D:9)
  3 spriggan air magi
  6 peacekeepers
  5 salamander tyrants (Snake:4)
  An ogre mage (Vaults:2)
  5 boulder beetles
  4 ironbound frosthearts
  15 hydras
  2 fenstrider witch skeletons (Crypt:2)
  17 centaur warriors
  5 anacondas
  35 dancing weapons
  A catoblepas (Shoals:3)
  2 alligator snapping turtles (Shoals:4)
  8 two-headed ogres
  5 merfolk aquamancers
  A satyr (shapeshifter) (Vaults:5)
  An anaconda (shapeshifter) (Vaults:5)
  A merfolk avatar (Shoals:4)
  A satyr (Shoals:3)
  8 naga warriors
  10 vampire magi
  7 death yaks
  2 death knights
  7 deep troll shamans
  13 deep troll earth magi
  9 spriggan berserkers
  8 tengu warriors
  Urug (D:13)
  22 naga sharpshooters
  6 orc high priests
  6 shock serpents
  Nergalle (Lair:2)
  17 deep elf knights
  13 hell knights
  A sun demon (Depths:2)
  Sonja (Lair:2)
  2 wretched stars (Abyss:3)
  5 spriggans
  Lodul (D:11)
  A shadow wraith (Crypt:2)
  A fire crab (Lair:2)
  8 skeletal warriors
  58 deep trolls
  4 salamander mystics
  2 spriggan druids (WizLab)
  4 skysharks
  A sixfirhy (Lair:5)
  11 iron trolls
  18 sea snakes
  A spectral hydra (Lair:2)
  7 glowing orange brains
  4 flayed ghosts
  5 naga ritualists
  An orange crystal statue (Vaults:4)
  A lindwurm (Vaults:1)
  2 elf simulacra (Elf:3)
  6 bog bodies (Crypt:3)
  12 orc knights
  A quicksilver dragon simulacrum (Vaults:4)
  7 phantasmal warriors
  7 deep elf archers
  2 anaconda skeletons (Crypt:1)
  A spriggan simulacrum (Depths:3)
  11 necromancers
  11 wizards
  10 ironbound convokers
  7 mana vipers
  21 harpies
  Pikel (D:5)
  37 deep elf pyromancers
  28 deep elf zephyrmancers
  A mana viper (shapeshifter) (Vaults:5)
  A wolf spider (D:13)
  6 orc sorcerers
  A frost giant zombie (Depths:1)
  18 salamanders
  2 spectral boulder beetles (Lair:2)
  36 ugly things
  12 cyclopes
  18 manticores
  30 moths of wrath
  5 worldbinders (WizLab)
  A faun (Shoals:1)
  6 elephants
  23 vault sentinels
  2 iron dragon skeletons (Crypt:2)
  8 merfolk sirens
  3 guardian serpents
  Maurice (D:9)
  A faun (shapeshifter) (Vaults:5)
  41 black mambas
  A stone giant skeleton (Crypt:2)
  A demonic crawler (Abyss:3)
  2 gargoyles
  2 smoke demons
  5 water nymphs
  15 naga magi
  A naga skeleton (Crypt:1)
  2 torpor snails
  13 cane toads
  A red draconian zombie (Crypt:3)
  4 orange demons
  A yellow draconian zombie (Crypt:3)
  2 kobold demonologists
  A sea snake zombie (Crypt:3)
  An unseen horror (D:12)
  A hellion (Depths:2)
  13 komodo dragons
  34 yaktaurs
  2 spriggan zombies
  A yaktaur zombie (Vaults:4)
  6 rime drakes
  7 tengu conjurers
  5 freezing wraiths
  An alligator snapping turtle skeleton (Crypt:2)
  A minotaur zombie (Gauntlet)
  2 ice devils (Lair:5)
  A golden dragon simulacrum (Depths:3)
  An ancient zyme (Abyss:3)
  A komodo dragon (shapeshifter) (Vaults:1)
  A red devil (Lair:5)
  32 guardian mummies
  5 trolls
  2 harpy zombies
  A burning bush (Lair:5)
  25 merfolk
  A troll (shapeshifter) (D:13)
  7 hornets
  3 polar bears
  4 wind drakes
  4 meliai
  3 tengu simulacra
  2 harpy skeletons (Crypt:1)
  A frost giant simulacrum (Depths:1)
  A hornet (shapeshifter) (Vaults:5)
  5 raiju (Abyss:3)
  An ettin zombie (Crypt:2)
  15 blink frogs
  A boulder beetle zombie (Crypt:3)
  7 dream sheep
  A stone giant simulacrum (Crypt:1)
  6 snapping turtles
  2 air elementals (Elf:1)
  33 slime creatures
  4 centaur simulacra
  14 flying skulls
  2 culicivoras (shapeshifter)
  2 ettin skeletons (Crypt:1)
  3 vampires
  16 ushabtiu (Crypt:3)
  A shadow (D:12)
  A spriggan skeleton (Depths:1)
  5 ynoxinuls
  13 wraiths
  4 basilisks
  2 large abominations (Abyss:3)
  5 wyverns
  Eustachio (D:5)
  16 water elementals
  19 yaks
  A human (shapeshifter) (D:14)
  A chaos spawn (Abyss:3)
  3 redbacks (shapeshifter)
  A steam dragon (D:8)
  A redback (Vaults:2)
  3 neqoxecs
  7 vampire mosquitoes
  Menkaure (D:5)
  A swamp worm (shapeshifter) (Vaults:5)
  8 wargs
  2 acid dragons
  A harpy simulacrum (Crypt:2)
  16 water moccasins
  40 nagas
  2 hydra simulacra (Lair:2)
  2 floating eyes (shapeshifter)
  26 orc warriors
  4 hell hounds (Lair:5)
  3 sky beasts
  3 ice beasts
  4 black bears
  2 hornet zombies
  An elephant zombie (Crypt:3)
  An ettin simulacrum (Crypt:2)
  14 wolves
  15 ogres
  8 boggarts
  9 centaurs
  A lemure (D:5)
  2 phantoms
  13 kobold brigands
  A gnoll sergeant (D:7)
  18 bullfrogs
  A draconian skeleton (Crypt:2)
  A cane toad simulacrum (Gauntlet)
  5 scorpions
  A salamander skeleton (Crypt:3)
  3 necrophages
  A warg zombie (Crypt:3)
  14 wights
  14 killer bees
  A shapeshifter skeleton (Crypt:1)
  21 electric eels
  9 howler monkeys
  3 lava snakes (D:14)
  A centaur zombie (D:8)
  A quasit (Abyss:3)
  2 human zombies
  A komodo dragon simulacrum (Lair:2)
  3 small abominations (Abyss:3)
  2 hounds
  8 jellies
  20 orc priests
  2 gnoll boudas (D:7)
  15 starcursed masses (Abyss:3)
  A human skeleton (Crypt:3)
  A bullfrog skeleton (Crypt:1)
  An iguana (D:5)
  29 orc wizards
  Terence (D:2)
  6 hell rats (Lair:4)
  2 killer bee zombies (D:8)
  A boggart simulacrum (Gauntlet)
  6 mummies (Crypt:3)
  A howler monkey zombie (D:8)
  10 gnolls
  12 adders
  2 river rats (D:4)
  A steam dragon skeleton (Crypt:2)
  A swamp drake skeleton (Crypt:2)
  3 shadow imps
  13 white imps
  An ufetubus (D:6)
  A worm (D:2)
  2 dart slugs
  94 orcs
  9 ball pythons
  11 bats
  7 endoplasms
  5 giant cockroaches
  14 goblins
  14 hobgoblins
  50 kobolds
  A quokka (D:2)
  10 frilled lizards
  A goblin skeleton (Crypt:1)
  A hobgoblin skeleton (Crypt:1)
  A jackal skeleton (Crypt:3)
  A jackal zombie (Crypt:1)
  8 kobold skeletons (D:11)
  11 kobold zombies
  15 rats
  A river rat skeleton (Crypt:1)
  A bush (Lair:5)
  3 butterflies (Zot:4)
  A starspawn tentacle (Abyss:3)
2444 creatures vanquished.

Vanquished Creatures (collateral kills)
  2 shadow dragons (Vaults:5)
  A tengu reaver (Vaults:5)
  A vault warden (Vaults:5)
  A deep elf sorcerer (WizLab)
  A draconian scorcher (Zot:5)
  An ironbound thunderhulk (Vaults:2)
  A spark wasp (shapeshifter) (Vaults:2)
  A great orb of eyes (Vaults:2)
  4 yaktaur captains
  A peacekeeper (Vaults:2)
  An ironbound convoker (Vaults:5)
  A deep elf pyromancer (Elf:1)
  A vault sentinel (Vaults:2)
  A torpor snail (shapeshifter) (Vaults:5)
  A water nymph (shapeshifter) (Vaults:5)
  A yaktaur (Vaults:5)
  A troll (D:9)
  A hornet (D:9)
  A dream sheep (Shoals:1)
  A steam dragon (D:9)
  An orc warrior (D:9)
  2 killer bees (D:9)
  A howler monkey (D:9)
28 creatures vanquished.

Vanquished Creatures (others)
  A fire dragon (Depths:2)
  An alligator snapping turtle (Shoals:4)
  A naga warrior (Snake:4)
  A deep elf knight (Elf:1)
  A wizard (Lair:5)
  A bog body (Crypt:3)
  An ironbound convoker (Vaults:2)
  A deep elf zephyrmancer (Elf:1)
  A black mamba (Snake:4)
  A komodo dragon (Lair:5)
  A glowing shapeshifter simulacrum (Depths:3)
  A killer bee (D:8)
  3 orcs
  2 demonic plants (D:2)
  54 fungi
  A lost soul (Elf:3)
  120 plants
  3 starspawn tentacles
195 creatures vanquished.

Grand Total: 2667 creatures vanquished

Notes
Turn   | Place    | Note
-------+----------+-------------------------------------------
     0 | D:1      | iskra the Minotaur Berserker began the quest for the Orb.
     0 | D:1      | Reached XP level 1. HP: 19/19 MP: 0/0
   288 | D:1      | Reached XP level 2. HP: 16/27 MP: 1/1
   942 | D:2      | Reached XP level 3. HP: 33/33 MP: 2/2
   988 | D:2      | Reached ** piety under Trog
   989 | D:2      | Found a faded altar of an unknown god.
  1173 | D:2      | Noticed Terence
  1185 | D:2      | Killed Terence
  1186 | D:2      | Reached XP level 4. HP: 40/40 MP: 3/3
  1659 | D:2      | Reached skill level 5 in Axes
  2187 | D:3      | Reached XP level 5. HP: 29/47 MP: 4/4
  2310 | D:3      | Found Atapem's Assorted Antiques.
  2687 | D:3      | Found a sacrificial altar of Ru.
  2946 | D:4      | Reached *** piety under Trog
  2999 | D:4      | Found a runed translucent door.
  3001 | D:4      | Noticed OSaftLP's ghost (amateur DsGl)
  3047 | D:4      | Found a glowing drain.
  3065 | D:4      | Reached XP level 6. HP: 52/55 MP: 5/5
  3080 | Sewer    | Entered a sewer
  3177 | Sewer    | Reached skill level 5 in Fighting
  3188 | Sewer    | Reached XP level 7. HP: 69/69 MP: 6/6
  3373 | D:4      | Found a snail-covered altar of Cheibriados.
  3409 | D:4      | Found a hide-covered altar of Uskayaw.
  3765 | D:5      | Entered Level 5 of the Dungeon
  3817 | D:5      | Reached **** piety under Trog
  3988 | D:5      | Reached XP level 8. HP: 57/75 MP: 7/7
  4530 | D:5      | Noticed Pikel
  4541 | D:5      | Killed Pikel
  4704 | D:5      | Noticed Eustachio
  4726 | D:5      | Killed Eustachio
  4727 | D:5      | Reached XP level 9. HP: 70/82 MP: 8/8
  4989 | D:5      | Noticed Menkaure
  4996 | D:5      | Killed Menkaure
  5151 | D:5      | Found a sparkling altar of Nemelex Xobeh.
  5161 | D:5      | Found a broken altar of Ashenzari.
  5282 | D:6      | Found a runed translucent gate.
  5282 | D:6      | Found a runed translucent gate.
  5282 | D:6      | Found a runed translucent gate.
  5292 | D:6      | Found Ynuytab's Jewellery Shoppe.
  5426 | D:6      | Found a staircase to the Ecumenical Temple.
  5786 | D:6      | Noticed Goldberg's ghost (novice HuFi)
  6524 | D:7      | Reached ***** piety under Trog
  6897 | D:7      | Found an iron altar of Okawaru.
  6897 | D:7      | Found a hazy altar of Hepliaklqana.
  6984 | D:7      | Reached XP level 10. HP: 90/91 MP: 9/9
  7041 | D:8      | Paralysed by a hornet for 3 turns
  7483 | D:8      | Identified the +10 short sword of the Endless Expanse
                  | {elec, Dex+3 Stlth+}
  7911 | D:8      | Noticed a two-headed ogre
  7918 | D:8      | Killed a two-headed ogre
  7919 | D:8      | Reached skill level 10 in Fighting
  8338 | D:8      | Found a staircase to the Lair.
  8657 | D:8      | Reached skill level 10 in Armour
  8672 | D:8      | Found a basalt altar of Yredelemnul.
  8700 | D:9      | Noticed Maurice
  8710 | D:9      | Killed Maurice
  8711 | D:9      | Reached XP level 11. HP: 90/94 MP: 10/10
  8739 | D:9      | Found Wyhued's Book Shoppe.
  8772 | D:9      | Received a gift from Trog
  8793 | D:9      | Identified the +1 leather armour of the Ant {rF+}
  8820 | D:9      | Noticed Harold
  8828 | D:9      | Killed Harold
  8951 | D:9      | Found a stormy altar of Qazlal.
  8973 | D:9      | Noticed a two-headed ogre
  8986 | D:9      | Killed a two-headed ogre
  9179 | D:9      | Found Iliadghe's Distillery.
  9204 | D:9      | Found a shimmering altar of Xom.
  9345 | D:9      | Found a radiant altar of Vehumet.
  9440 | D:9      | Found a shimmering blue altar of Sif Muna.
  9493 | D:10     | Entered Level 10 of the Dungeon
  9674 | Lair:1   | Entered Level 1 of the Lair of Beasts
  9986 | Lair:1   | Found a transporter.
  9994 | Lair:1   | Found a transporter.
 10005 | Lair:1   | Noticed Tungsten's ghost (journeyman GrVM)
 10526 | Lair:1   | Reached skill level 15 in Axes
 11024 | Lair:2   | Noticed a four-headed hydra
 11032 | Lair:2   | Killed a two-headed hydra
 11033 | Lair:2   | Reached skill level 10 in Dodging
 11355 | Lair:2   | Found a runed translucent gate.
 11355 | Lair:2   | Found a runed translucent gate.
 11355 | Lair:2   | Found a runed translucent gate.
 11381 | Lair:2   | Noticed a six-headed hydra
 11386 | Lair:2   | Killed a four-headed hydra
 11424 | Lair:2   | Noticed TryHard88's ghost (journeyman MiBe)
 11439 | Lair:2   | Reached XP level 12. HP: 105/110 MP: 11/11
 11440 | Lair:2   | Killed TryHard88's ghost
 11443 | Lair:2   | Identified the +0 ring mail "Lusuv" {-Tele rPois Regen+
                  | Int+4}
 11447 | Lair:2   | Identified the +2 pair of gloves "Vies" {rCorr}
 11582 | Lair:2   | Noticed Sonja
 11596 | Lair:2   | Killed Sonja
 11748 | Lair:2   | Found a staircase to the Shoals.
 12444 | Lair:2   | Noticed a death yak
 12448 | Lair:2   | Noticed a death yak
 12460 | Lair:2   | Killed a death yak
 12460 | Lair:2   | Noticed an eight-headed hydra
 12463 | Lair:2   | Killed a death yak
 12468 | Lair:2   | Killed a six-headed hydra
 12476 | Lair:2   | Noticed a six-headed hydra
 12872 | Lair:2   | Killed a four-headed hydra
 13130 | Lair:2   | Noticed a boulder beetle
 13148 | Lair:2   | Killed a boulder beetle
 13149 | Lair:2   | Reached XP level 13. HP: 81/119 MP: 12/12
 13389 | Lair:2   | Identified the +11 great sword of Duty {holy, *Noise Int+4
                  | Stlth+}
 13642 | Lair:2   | Noticed Nergalle
 13651 | Lair:2   | Killed Nergalle
 13744 | Lair:2   | Reached skill level 1 in Throwing
 13965 | Lair:3   | Found a gate leading to a gauntlet.
 13979 | Gauntlet | Entered a Gauntlet
 13979 | Gauntlet | Found a transporter.
 13979 | Gauntlet | Found a transporter.
 13979 | Gauntlet | Found a transporter.
 14022 | Gauntlet | Found a transporter.
 14035 | Gauntlet | Found a transporter.
 14038 | Gauntlet | Found a transporter.
 14045 | Gauntlet | Found a transporter.
 14064 | Gauntlet | Found a transporter.
 14079 | Gauntlet | Found a transporter.
 14081 | Gauntlet | Found a transporter.
 14081 | Gauntlet | Found the ring of the Octopus King
 14092 | Gauntlet | Found a transporter.
 14092 | Gauntlet | Found a transporter.
 14358 | Gauntlet | Identified the ring of Maprar {Fire *Slow rElec rN+ Dex+3}
 14694 | Gauntlet | Identified a ring of the Octopus King {rF+ HP+2 AC+2 EV+2
                  | SH+2}
 14811 | Gauntlet | Identified the ring "Beizath" {Ice *Corrode rElec rPois
                  | Int+5}
 14817 | Gauntlet | Identified the +2 pair of gloves "Vawuk" {Harm Will+ Dex+3}
 14841 | Gauntlet | Identified the +6 spear of Fragile Peace {flame, rN+ Will+
                  | rCorr}
 14841 | Gauntlet | Noticed a minotaur
 14849 | Gauntlet | Killed a minotaur
 14849 | Gauntlet | Received a gift from Trog
 15169 | Lair:3   | You fall into a shaft and drop 1 floor!
 15172 | Lair:4   | Noticed Nessos
 15188 | Lair:4   | Killed Nessos
 15581 | Lair:4   | Received a gift from Trog
 15877 | Lair:4   | Reached skill level 5 in Throwing
 16433 | Lair:5   | Entered Level 5 of the Lair of Beasts
 16886 | Lair:5   | Noticed Rupert
 16889 | Lair:5   | Paralysed by Rupert for 5 turns
 16897 | Lair:5   | Killed Rupert
 16898 | Lair:5   | Reached XP level 14. HP: 130/130 MP: 13/13
 17414 | Lair:5   | Found a burning altar of Makhleb.
 17420 | Lair:5   | Received a gift from Trog
 17436 | Lair:5   | Reached skill level 1 in Evocations
 17439 | Lair:5   | Found a gateway to Hell.
 17662 | Lair:5   | Identified the +2 robe of Shadows and Fog {*Slow rPois rF+
                  | rC+++ Slay-4}
 17751 | Lair:5   | Found a viscous altar of Jiyva.
 17752 | Lair:5   | Found a staircase to the Slime Pits.
 18235 | D:8      | Identified a scroll of acquirement
 18236 | D:8      | Acquired the amulet of Cunoggeq {Reflect rElec Dex+2 SH+5}
 19434 | D:11     | Noticed Lodul
 19440 | D:11     | Killed Lodul
 19771 | D:11     | Noticed Gastronok
 19777 | D:11     | Killed Gastronok
 20122 | D:11     | Found an ancient bone altar of Kikubaaqudgha.
 20503 | D:12     | Found a staircase to the Orcish Mines.
 20779 | D:12     | Identified the +1 ring mail "Wocoa" {rF+ Int-4 Dex+4
                  | Slay+2}
 21113 | D:12     | Reached skill level 5 in Evocations
 21363 | D:13     | Found a portal to a secret trove of treasure.
 21380 | D:13     | Found a gate to the Vaults.
 21391 | D:13     | Received a gift from Trog
 21392 | D:13     | Reached skill level 15 in Fighting
 21394 | D:13     | Reached XP level 15. HP: 141/141 MP: 14/14
 21737 | D:13     | Noticed Urug
 21752 | D:13     | Killed Urug
 21866 | D:13     | Paralysed by a great orb of eyes for 5 turns
 22155 | D:13     | Reached skill level 15 in Armour
 22155 | D:13     | Reached skill level 1 in Shields
 22977 | D:14     | Reached skill level 5 in Shields
 23794 | D:15     | Entered Level 15 of the Dungeon
 23912 | D:15     | Found a staircase to the Depths.
 24332 | D:15     | Found a bloodstained altar of Trog.
 24336 | D:15     | Identified the +4 dagger of Conversion {spect, +Blink rF-
                  | Dex+2}
 25009 | Orc:1    | Entered Level 1 of the Orcish Mines
 25151 | Orc:1    | Noticed Jorgrun
 25157 | Orc:1    | Killed Jorgrun
 25163 | Orc:1    | Received a gift from Trog
 25477 | Orc:2    | Entered Level 2 of the Orcish Mines
 25497 | Orc:2    | Found a transporter.
 25563 | Orc:2    | Found a staircase to the Elven Halls.
 25628 | Orc:2    | Found Colio's Weapon Shoppe.
 25660 | Orc:2    | Reached ****** piety under Trog
 25774 | Orc:2    | Found a runed translucent door.
 25797 | Orc:2    | Received a gift from Trog
 25798 | Orc:2    | Reached XP level 16. HP: 151/151 MP: 15/15
 25985 | Orc:2    | Noticed crabbyslav's ghost (journeyman OgCA)
 25986 | Orc:2    | Identified the +7 great mace of the Skies Above {freeze,
                  | rPois rF- rC++ Str+3}
 25986 | Orc:2    | Identified the +5 great mace "Nidosh" {flame, Str+7 Int+3
                  | Dex-3}
 25988 | Orc:2    | Found a transporter.
 26110 | Orc:2    | Found Puevuud's Jewellery Boutique.
 26110 | Orc:2    | Found Vagarr's Armour Shoppe.
 26112 | Orc:2    | Found Cyzuz's Magic Scroll Boutique.
 26112 | Orc:2    | Found Zusuetih's Distillery.
 26547 | Orc:2    | Killed crabbyslav's ghost
 26874 | Shoals:1 | Entered Level 1 of the Shoals
 27362 | Shoals:1 | Reached skill level 15 in Dodging
 27607 | Shoals:1 | Acquired the +0 pair of boots of the Lily {rN++}
 27642 | Shoals:1 | Received a gift from Trog
 27643 | Shoals:1 | Reached skill level 10 in Shields
 28049 | Shoals:2 | You fall into a shaft and drop 1 floor!
 28083 | Shoals:3 | Found Kuemykhla's CLEARANCE SALE!.
 28220 | Shoals:3 | Noticed Polyphemus
 28228 | Shoals:3 | Killed Polyphemus
 28524 | Shoals:3 | Found a runed translucent gate.
 28524 | Shoals:3 | Found a runed translucent gate.
 28528 | Shoals:3 | Found a runed translucent gate.
 28542 | Shoals:3 | Noticed Mandevil's ghost (adept HuHu)
 28556 | Shoals:3 | Killed Mandevil's ghost
 28988 | Shoals:4 | Entered Level 4 of the Shoals
 29235 | Shoals:4 | Reached XP level 17. HP: 149/161 MP: 16/16
 29398 | Shoals:4 | Received a gift from Trog
 30180 | Shoals:4 | Got a barnacled rune of Zot
 30714 | Lair:3   | Found a staircase to the Snake Pit.
 31222 | Snake:1  | Entered Level 1 of the Snake Pit
 31692 | Snake:1  | Received a gift from Trog
 32386 | Snake:2  | Found Hosuecw's Jewellery Shoppe.
 32394 | Snake:2  | Found Nawkuwko's Jewellery Emporium.
 32396 | Snake:2  | Bought a ring of poison resistance for 280 gold pieces
 32404 | Snake:2  | Bought the ring of Liegoocs {rPois rCorr Str+6} for 1003
                  | gold pieces
 32471 | Snake:2  | Noticed Vashnia
 32480 | Snake:2  | Killed Vashnia
 32867 | Snake:2  | Found Tellop's Distillery.
 33688 | Snake:3  | Received a gift from Trog
 33702 | Snake:3  | Reached XP level 18. HP: 159/172 MP: 17/17
 33709 | Snake:3  | Reached skill level 10 in Throwing
 33725 | Snake:3  | Noticed Aizul
 33731 | Snake:3  | Killed Aizul
 34244 | Snake:4  | Entered Level 4 of the Snake Pit
 34411 | Snake:4  | Received a gift from Trog
 34886 | Snake:4  | Got a serpentine rune of Zot
 34953 | Snake:4  | Noticed Agnes
 34956 | Snake:4  | Killed Agnes
 35103 | Snake:4  | Found Alaimny's Magic Scroll Emporium.
 35333 | Snake:4  | Received a gift from Trog
 36279 | Elf:1    | Entered Level 1 of the Elven Halls
 36345 | Elf:1    | You fall into a shaft and drop 1 floor!
 36497 | Elf:2    | Found Mufru's Jewellery Emporium.
 36714 | Elf:1    | Reached XP level 19. HP: 183/183 MP: 18/18
 37033 | Elf:1    | Paralysed by an air elemental for 1 turns
 37040 | Elf:1    | Received a gift from Trog
 37554 | Elf:2    | Received a gift from Trog
 37880 | Elf:2    | Found Ymupsuaf's Book Shop.
 37881 | Elf:2    | Found Rienoi Koob's Jewellery Shoppe.
 37882 | Elf:2    | Found Oqogay's Book Shop.
 37987 | Elf:2    | Found a huge runed translucent gate.
 37987 | Elf:2    | Found a huge runed translucent gate.
 37987 | Elf:2    | Found a huge runed translucent gate.
 37987 | Elf:2    | Found a huge runed translucent gate.
 37990 | Elf:2    | Found a huge runed translucent gate.
 38676 | Elf:3    | Entered Level 3 of the Elven Halls
 38743 | Elf:3    | Found Caoqid's Magic Scroll Shop.
 38866 | Elf:3    | Received a gift from Trog
 38885 | Elf:3    | Acquired 1096 gold pieces
 38908 | Elf:3    | Identified the +4 mace of the Thoughtful Spines {drain,
                  | rN++}
 39119 | Elf:3    | Found Xaah Via's General Store.
 39196 | Elf:3    | Noticed a Brimstone Fiend
 39551 | Elf:3    | Reached XP level 20. HP: 167/193 MP: 19/19
 39853 | Elf:3    | Found the +4 Cigotuvi's embrace {Corpsefed rMiasma Drain
                  | rN+}
 39876 | Elf:3    | Identified the +6 mace "Aheupnis" {freeze, rElec rPois
                  | rCorr MP-9}
 39972 | Elf:3    | Identified the +0 robe "Yshreeteo" {rF- rN++ Str+4 Slay+2}
 40063 | Elf:3    | Received a gift from Trog
 40901 | Depths:1 | Entered Level 1 of the Depths
 41381 | Depths:1 | Found a blossoming altar of Fedhas.
 41513 | Depths:1 | Received a gift from Trog
 41644 | Depths:1 | Found a one-way gateway to a ziggurat.
 43138 | Depths:2 | Found a one-way gate leading to the halls of Pandemonium.
 43138 | Depths:2 | Gained mutation: You occasionally lose the ability to drink
                  | potions when taking damage. [a neqoxec]
 43142 | Depths:2 | Reached skill level 10 in Evocations
 43222 | Depths:2 | Received a gift from Trog
 43650 | Depths:2 | Reached XP level 21. HP: 204/204 MP: 20/20
 44052 | Depths:3 | Found a transporter.
 44065 | Depths:3 | Found a one-way gate to the infinite horrors of the Abyss.
 44095 | Depths:3 | Received a gift from Trog
 44849 | Depths:3 | Identified the ring of Dihiat {Ice Drain rN+++ Int+2 Dex+2}
 44849 | Depths:3 | Noticed Josephina
 44862 | Depths:3 | Killed Josephina
 45177 | Depths:3 | Noticed a juggernaut
 45356 | Depths:4 | Entered Level 4 of the Depths
 45682 | Depths:4 | Found a gate to the Realm of Zot.
 46729 | Depths:4 | Received a gift from Trog
 47508 | Vaults:1 | Entered Level 1 of the Vaults
 48329 | Vaults:1 | You fall into a shaft and drop 1 floor!
 48346 | Vaults:2 | Reached XP level 22. HP: 215/215 MP: 21/21
 48607 | Vaults:1 | Received a gift from Trog
 49469 | Vaults:2 | Found a transporter.
 49501 | Vaults:2 | Identified the +13 war axe of the Sky {flame, Fly rC-
                  | rN+++} (Trog gifted it to you on level 2 of the Vaults)
 49501 | Vaults:2 | Received a gift from Trog
 50013 | Vaults:2 | Found a transporter.
 50025 | Vaults:2 | Identified the +1 robe of Midsummer {*Slow Str+3 Int+3
                  | Dex+3}
 50237 | Vaults:2 | Identified the +0 pair of boots "Jefau" {-Tele Int+6 Dex+3
                  | SInv}
 50398 | Vaults:3 | Received a gift from Trog
 50418 | Vaults:3 | Found a magical portal.
 50440 | WizLab   | Entered Alistair's Party Mansion
 50818 | Abyss:3  | Cast into level 3 of the Abyss (a deep elf sorcerer)
 50972 | Abyss:3  | Gained mutation: You are dopey. (Int -2) [a neqoxec]
 50977 | Abyss:3  | Noticed a dread lich
 50989 | Abyss:3  | Killed a dread lich
 50995 | Abyss:3  | Identified the +11 war axe of Wuiqoong {heavy, Will+} (Trog
                  | gifted it to you on level 3 of the Abyss)
 50995 | Abyss:3  | Received a gift from Trog
 51118 | WizLab   | Escaped the Abyss
 51210 | WizLab   | Reached XP level 23. HP: 159/225 MP: 22/22
 51344 | WizLab   | Acquired the +2 cloak of the Stone Wall {Dex+5}
 51479 | WizLab   | Lost intelligence.
 51682 | WizLab   | Lost mutation: You are dopey. (Int -2) [potion of mutation]
 51682 | WizLab   | Lost mutation: You occasionally lose the ability to drink
                  | potions when taking damage. [potion of mutation]
 51682 | WizLab   | Gained mutation: Armour fits poorly on your strangely
                  | shaped body. [potion of mutation]
 51682 | WizLab   | Gained mutation: You occasionally lose the ability to drink
                  | potions when taking damage. [potion of mutation]
 51682 | WizLab   | Gained mutation: You are frail. (-10% HP) [potion of
                  | mutation]
 51682 | WizLab   | Gained mutation: You have supernaturally acute eyesight.
                  | (SInv) [potion of mutation]
 52058 | D:8      | Lost mutation: Armour fits poorly on your strangely shaped
                  | body. [potion of mutation]
 52058 | D:8      | Lost mutation: You have supernaturally acute eyesight.
                  | (SInv) [potion of mutation]
 52058 | D:8      | Gained mutation: You are partially covered in large bone
                  | plates. (SH +4) [potion of mutation]
 52058 | D:8      | Gained mutation: You have supernaturally acute eyesight.
                  | (SInv) [potion of mutation]
 52059 | D:8      | Lost mutation: You have supernaturally acute eyesight.
                  | (SInv) [potion of mutation]
 52059 | D:8      | Lost mutation: You occasionally lose the ability to drink
                  | potions when taking damage. [potion of mutation]
 52059 | D:8      | Lost mutation: You are frail. (-10% HP) [potion of
                  | mutation]
 52059 | D:8      | Lost intelligence.
 52059 | D:8      | Gained mutation: You are agile. (Dex +4, Str/Int -1)
                  | [potion of mutation]
 52059 | D:8      | Gained mutation: You are partially covered in iridescent
                  | scales. (AC +2) [potion of mutation]
 52059 | D:8      | Gained mutation: You occasionally lose the ability to read
                  | scrolls when taking damage. [potion of mutation]
 52059 | D:8      | Gained mutation: You are somewhat resistant to further
                  | mutation. [potion of mutation]
 52064 | D:8      | Lost mutation: You are agile. (Dex +4, Str/Int -1) [potion
                  | of mutation]
 52064 | D:8      | Lost mutation: You are partially covered in iridescent
                  | scales. (AC +2) [potion of mutation]
 52064 | D:8      | Gained mutation: You occasionally lose the ability to drink
                  | potions when taking damage. [potion of mutation]
 52065 | D:8      | Lost mutation: You occasionally lose the ability to read
                  | scrolls when taking damage. [potion of mutation]
 52065 | D:8      | Lost mutation: You are somewhat resistant to further
                  | mutation. [potion of mutation]
 52065 | D:8      | Lost mutation: You occasionally lose the ability to drink
                  | potions when taking damage. [potion of mutation]
 52065 | D:8      | Gained mutation: Potions are less effective at restoring
                  | your health. [potion of mutation]
 52065 | D:8      | Gained mutation: You are partially covered in iridescent
                  | scales. (AC +2) [potion of mutation]
 52065 | D:8      | Lost mutation: You are partially covered in iridescent
                  | scales. (AC +2) [potion of mutation]
 52065 | D:8      | Gained mutation: Your spells are a little harder to cast,
                  | but a little more powerful. [potion of mutation]
 52066 | D:8      | Lost mutation: Your spells are a little harder to cast, but
                  | a little more powerful. [potion of mutation]
 52066 | D:8      | Lost mutation: Potions are less effective at restoring your
                  | health. [potion of mutation]
 52066 | D:8      | Gained mutation: Potions are less effective at restoring
                  | your health. [potion of mutation]
 52066 | D:8      | Gained mutation: Your mind is acute. (Int +4, Str/Dex -1)
                  | [potion of mutation]
 53147 | D:13     | You paid a toll of 14 scrolls of teleportation to enter a
                  | treasure trove
 53148 | Trove    | Entered a treasure trove
 53179 | Trove    | Identified the +8 mace of Tepamige {heavy, Will++ Int-4}
 53183 | Trove    | Identified the +3 cloak "Jirie" {*Slow rC- Int+8 Dex+2}
 53184 | Trove    | Identified the +5 war axe "Qomafud" {flame, rElec rPois
                  | Str+2}
 53188 | Trove    | Identified the ring of Counithu {rPois rC- rCorr Str-3
                  | Stlth+}
 53197 | Trove    | Identified the +13 crystal plate armour "Buaz" {rPois}
 53237 | Trove    | Identified the ring "Sout" {rElec Will+ Str+7 Int-2 Dex+2}
 53993 | Vaults:3 | Noticed Jory
 53999 | Vaults:3 | Killed Jory
 54185 | Vaults:3 | Received a gift from Trog
 54478 | Vaults:3 | Found a staircase to the Crypt.
 54711 | Vaults:3 | Noticed Saint Roka
 54724 | Vaults:3 | Killed Saint Roka
 55368 | Vaults:4 | Received a gift from Trog
 55813 | Vaults:4 | Found Migad's Book Boutique.
 55892 | Vaults:4 | Lost mutation: Potions are less effective at restoring your
                  | health. [potion of mutation]
 55892 | Vaults:4 | Lost mutation: You are partially covered in large bone
                  | plates. (SH +4) [potion of mutation]
 55892 | Vaults:4 | Lost mutation: Your mind is acute. (Int +4, Str/Dex -1)
                  | [potion of mutation]
 55892 | Vaults:4 | Gained mutation: You have hidden genetic potential. [potion
                  | of mutation]
 55892 | Vaults:4 | Gained mutation: You are vulnerable to heat. (rF-) [potion
                  | of mutation]
 56204 | Vaults:5 | Entered Level 5 of the Vaults
 56244 | Vaults:5 | Received a gift from Trog
 56280 | Vaults:5 | Noticed a dread lich
 56283 | Vaults:5 | Noticed an ancient lich
 56285 | Vaults:5 | Noticed a dread lich
 56292 | Vaults:5 | Killed an ancient lich
 56293 | Vaults:5 | Reached XP level 24. HP: 160/237 MP: 22/22
 56294 | Vaults:5 | Killed a dread lich
 56296 | Vaults:5 | Killed a dread lich
 56404 | Vaults:5 | HP: 11/237 [titan/the air (28)]
 56405 | Vaults:5 | HP: 4/237 [titan/bolt of lightning (7)]
 56413 | Vaults:4 | Acquired a manual of Evocations
 56421 | Vaults:4 | Received a gift from Trog
 56816 | Vaults:4 | Received a gift from Trog
 57062 | Vaults:5 | Reached skill level 15 in Evocations
 57421 | Vaults:5 | Found Ucsueh's Magic Scroll Boutique.
 57487 | Vaults:5 | Gained mutation: You are agile. (Dex +4, Str/Int -1)
                  | [hidden potential]
 57718 | Vaults:5 | Found Wenoocubb's Antique Armour Shop.
 57732 | Vaults:5 | Bought a translucent crystal plate armour for 2465 gold
                  | pieces
 57732 | Vaults:5 | Identified the +0 crystal plate armour of Mun Jin {rPois
                  | Dex-3 SInv Stlth+} (You bought it in a shop on level 5 of
                  | the Vaults)
 57735 | Vaults:5 | Found Luocsaov's General Store.
 57736 | Vaults:5 | Found Wyoram's Antique Armour Boutique.
 57740 | Vaults:5 | Bought a scroll of acquirement for 1144 gold pieces
 57741 | Vaults:5 | Acquired a manual of Dodging
 57756 | Vaults:5 | Found Wymyfi's Antique Weapon Emporium.
 58021 | Vaults:5 | Found Jucaj's Magic Scroll Boutique.
 58026 | Vaults:5 | Bought a scroll of enchant armour for 120 gold pieces
 58038 | Vaults:5 | Found Beeptipt's Distillery.
 58043 | Vaults:5 | Bought a potion of heal wounds for 55 gold pieces
 58123 | Vaults:5 | Got a silver rune of Zot
 58532 | D:8      | Upgraded the game from 0.30-a0-779-g7971cf19c3 to
                  | 0.30-a0-782-ge64f9170bb
 58819 | Crypt:1  | Entered Level 1 of the Crypt
 59231 | Crypt:1  | Received a gift from Trog
 61028 | Crypt:3  | Entered Level 3 of the Crypt
 61042 | Crypt:3  | Received a gift from Trog
 61425 | Crypt:3  | Reached XP level 25. HP: 148/247 MP: 22/22
 61793 | Crypt:3  | Noticed a royal mummy
 61801 | Crypt:3  | Killed a royal mummy
 61801 | Crypt:3  | Identified the +8 arbalest of Bulul {heavy, rC+ MP+9}
 61801 | Crypt:3  | Identified the ring "Xuhil" {rF+ Dex+6}
 62383 | Crypt:3  | Received a gift from Trog
 62579 | Crypt:3  | Identified the +2 war axe "Utol" {freeze, +Blink Dex+2}
 62764 | Crypt:3  | Identified the +3 ring mail "Pagycox" {Harm rC+ rN+ Str+3}
 62779 | Crypt:3  | Found a staircase to the Tomb.
 63966 | Zot:1    | Entered Level 1 of the Realm of Zot
 64828 | Zot:2    | Received a gift from Trog
 65199 | Zot:2    | Gained mutation: You have large cloven feet. [hidden
                  | potential]
 65199 | Zot:2    | Lost mutation: You have hidden genetic potential. [hidden
                  | potential expressed]
 65964 | Zot:2    | You fall into a shaft and drop 1 floor!
 66201 | Zot:3    | Received a gift from Trog
 66405 | Zot:3    | Reached XP level 26. HP: 175/258 MP: 4/22
 67108 | Zot:4    | Identified the +6 glaive of Valour {heavy, Int+2}
 67156 | Zot:4    | Identified the +2 robe "Taxku" {rF+ rC+ Will+}
 67184 | Zot:4    | Found a large runed translucent door.
 67185 | Zot:4    | Identified the +4 triple crossbow "Vuodwot" {flame, rN+
                  | Str+2}
 67191 | Zot:4    | Found a large runed translucent door.
 67193 | Zot:4    | Found a large runed translucent door.
 67193 | Zot:4    | Found a shimmering altar of Xom.
 67375 | Zot:4    | Identified the +0 chain mail of the Sky {+Inv}
 67379 | Zot:4    | Identified the +5 hand crossbow of Nimm {chaos, rElec rPois
                  | Str+4}
 67696 | Zot:4    | Found a large runed translucent door.
 67696 | Zot:4    | Found a large runed translucent door.
 67696 | Zot:4    | Found a large runed translucent door.
 67697 | Zot:4    | Found a large runed translucent door.
 67697 | Zot:4    | Found a large runed translucent door.
 67708 | Zot:4    | Identified the +6 great mace of Ryptemi {flame, *Noise Fly
                  | rN+++ Str+3}
 67721 | Zot:4    | Gained mutation: You are frail. (-10% HP) [mutagenic glow]
 67732 | Zot:4    | Gained mutation: You occasionally lose the ability to drink
                  | potions when taking damage. [mutagenic glow]
 67745 | Zot:4    | Gained mutation: Your spells are a little easier to cast,
                  | but a little less powerful. [mutagenic glow]
 67753 | Zot:4    | Gained mutation: You do not regenerate when monsters are
                  | visible. [mutagenic glow]
 67770 | Zot:4    | Gained mutation: You are weak. (Str -2) [mutagenic glow]
 67782 | Zot:4    | Gained mutation: You occasionally lose the ability to read
                  | scrolls when taking damage. [mutagenic glow]
 67792 | Zot:5    | Entered Level 5 of the Realm of Zot
 67793 | Zot:5    | Lost mutation: You are agile. (Dex +4, Str/Int -1)
                  | [mutagenic glow]
 67801 | Zot:4    | Lost intelligence.
 67802 | Zot:4    | Gained mutation: Armour fits poorly on your strangely
                  | shaped body. [mutagenic glow]
 67814 | Zot:4    | Gained mutation: Your magical capacity is low. (-10% MP)
                  | [mutagenic glow]
 67820 | Zot:4    | Gained mutation: You are very weak. (Str -4) [mutagenic
                  | glow]
 67829 | Zot:4    | Gained mutation: Your body sometimes deteriorates upon
                  | taking damage. [mutagenic glow]
 68204 | D:8      | Lost mutation: You are vulnerable to heat. (rF-) [potion of
                  | mutation]
 68204 | D:8      | Lost mutation: You do not regenerate when monsters are
                  | visible. [potion of mutation]
 68204 | D:8      | Gained mutation: You have hoof-like feet. [potion of
                  | mutation]
 68204 | D:8      | Gained mutation: You are strong-willed. (Will+) [potion of
                  | mutation]
 69878 | Zot:5    | Noticed an ancient lich
 69883 | Zot:5    | Killed an ancient lich
 69971 | Zot:5    | Noticed an orb of fire
 69971 | Zot:5    | Noticed an orb of fire
 69971 | Zot:5    | Noticed an orb of fire
 69971 | Zot:5    | Noticed an orb of fire
 69971 | Zot:5    | Noticed an orb of fire
 69973 | Zot:5    | Killed from afar by an orb of fire

Illustrated notes

Levels and vault maps discovered:
D:1:      moated_graveyard_arrival, layout_basic, minmay_statues_item
D:2:      minmay_thinvault, layout_basic, shapermc_ecumenical_altar_gd,
          glass_columns_b, uniq_terence
D:3:      layout_rooms, nicolae_ru_the_path_less_chosen, serial_shops,
          nicolae_shop_advertising_works [nicolae_subvault_shop_adworks],
          lemuel_flame_loot_1
D:4:      layout_basic, nicolae_uskayaw_suspiria, kennysheep_slug_shrine,
          ebering_ghost_reflecting_pool, portal_sewer_entry_c
D:5:      corexii_shantytown, layout_loops_ring, kennysheep_mini_moat,
          cheibrodos_ashenzari_chains, uniq_eustachio, uniq_menkaure, uniq_pikel
D:6:      layout_gridville, minmay_temple_entry_large_hall, gammafunk_ghost_icy,
          serial_shops, shop, minmay_misc_feat_chi
D:7:      layout_basic, mainiacjoe_overflow_divided_tiny,
          hangedman_abyss_or_decor_stagger, minmay_fractal_squares_gapless_5
D:8:      layout_basic, lemuel_mausoleum_altar_yredelemnul,
          due_lair_maze_entry_diamond, minmay_between
D:9:      layout_big_octagon, nicolae_overflow_crystal_walls,
          nicolae_qazlal_scattered_showers, kennysheep_orc_sif_temple,
          mainiacjoe_overflow_boulevard, serial_shops, nicolae_take_the_stairs,
          nicolae_shop_waterfront, uniq_harold, uniq_maurice
D:10:     layout_basic, minmay_starry_boxes
D:11:     wander_kiku_kobolds, layout_loops_ring, uniq_lodul, uniq_gastronok
D:12:     layout_loops_ring, orc_0_dummy, minmay_evil_grid
D:13:     minmay_the_grid_plus [minmay_the_grid_spikes, minmay_the_grid_armoury,
          minmay_the_grid_zigzag_pyramid, minmay_the_grid_large_cup,
          minmay_the_grid_prize_big_room], layout_loops_ring,
          lightli_vaults_fourway_checkpoint, enter_trove_0, uniq_urug
D:14:     layout_basic, minmay_splitting_lines, disabler_island
D:15:     hangedman_depths_entry_civil_slaughter, layout_basic, bloody_trog
Lair:1:   layout_cellular_growth, gammafunk_ghost_berserking_beasts
Lair:2:   nzn_winding_woodlands_huge [nzn_winding_woodlands_5x15_pool,
          nzn_winding_woodlands_5x15_crooked,
          nzn_winding_woodlands_5x15_concentric,
          nzn_winding_woodlands_5x15_split_checker,
          nzn_winding_woodlands_5x15_river_crossing,
          nzn_winding_woodlands_5x15_jagged, nzn_winding_woodlands_5x15_twine,
          nzn_winding_woodlands_5x15_sawtooth,
          nzn_winding_woodlands_5x15_longhouse,
          nzn_winding_woodlands_5x15_pockets,
          nzn_winding_woodlands_center_triple_pond,
          nzn_winding_woodlands_center_pierced_h,
          nzn_winding_woodlands_15x15_five_gardens], layout_big_grid,
          elwin_shoals_entry_rocks, gammafunk_ghost_necromancy, serial_rivers,
          chequers_serial_rivers_large_a, chequers_serial_rivers_micro_a,
          chequers_serial_rivers_room_a, chequers_serial_rivers_marsh,
          uniq_nergalle, uniq_sonja
Lair:3:   layout_cellular_growth, minmay_snake_entry_guardpost_small,
          portal_ice_cave_entry_imps, gauntlet_entry_generic,
          pdpol_lair_cavern_descent, serial_bayou_shore_a, lemuel_fruit_tree
Lair:4:   layout_roguey, serial_bayou_lake_a, lemuel_fruit_fields,
          grunt_megastairs_3, serial_bayou_shore_b, uniq_nessos
Lair:5:   evil_forest, layout_cave_pods, dpeg_slime_entry_enclosed,
          evilmike_ambush [evilmike_ambush_outer_basic,
          evilmike_ambush_inner_basic], infiniplex_staircase_pool_2, uniq_rupert
Shoals:1: layout_shoals, nicolae_shoals_gull_way
Shoals:2: nicolae_shoals_deep_elves_summer_vacation, layout_shoals, uniq_ilsuiw
Shoals:3: cheibrodos_shoals_roost, layout_shoals, ebering_ghost_rock_garden,
          nicolae_shop_clearance, uniq_polyphemus
Shoals:4: shoals_end_simple, layout_shoals
Snake:1:  layout_basic, serial_bayou_pond_a, nicolae_snake_gridmaze_swirls
Snake:2:  layout_chambers, serial_shops, shop_statue, nicolae_triple_integral,
          minmay_shoptagon, uniq_vashnia
Snake:3:  layout_rooms, serial_bayou_shore_b, uniq_aizul
Snake:4:  grunt_snake_rune_spirals, layout_onion, serial_shops, shop,
          nicolae_snake_gridmaze_waves, serial_bayou_pond_e,
          statue_in_the_mist_lemuel, uniq_agnes
Orc:1:    layout_diamond_mine, uniq_jorgrun
Orc:2:    grunt_orc_tribal_feast, layout_caves, serial_shops, shop,
          gammafunk_ghost_smash, lightli_church_of_beogh
Elf:1:    minmay_elf_arrival_plus, layout_gridlike,
          hangedman_elven_crosses_minicolossus, drop_trap
Elf:2:    elven_hall_of_blades_hangedman_alternative
          [nicolae_blade_entry_floor_patterns], layout_gridlike, serial_shops,
          shop_coins, due_unseen_surprise, minmay_shop_grove
Elf:3:    minmay_elf_hall, layout_gridlike, serial_shops, shop, shop,
          nicolae_elf_deep_mausoleum
Vaults:1: ontoclasm_vaults_fault, nicolae_vaults_triangles,
          vaults_mumra_minichess, nicolae_vaults_asterisk,
          ontoclasm_vaults_twist, v_misc_28, hangedman_vaults_nails,
          ontoclasm_vaults_ring_small, v_misc_5,
          vaults_room_hangedman_quadrants, v_rooms_4, v_misc_24,
          nicolae_vaults_asterisk, ontoclasm_vaults_ligature,
          layout_vaults_big_cross
Vaults:2: v_misc_12, gammafunk_the_bubble [the_bubble_gammafunk_crates],
          dpeg_vaults_monster_box, ontoclasm_vaults_shuriken,
          hangedman_vaults_maws, nicolae_vaults_angled_halls, v_alt_pattern_4,
          ontoclasm_vaults_loading_screen, vaults_room_large_hall,
          grunt_vaults_hallway_short, grunt_vaults_funnel, layout_vaults_omnibox
Vaults:3: infiniplex_enter_wizlab_glasses, nicolae_vaults_gold_heap,
          vaults_room_pool, dpeg_vaults_monster_row, v_rooms_4,
          nicolae_vaults_windows_and_doors_thing,
          vaults_standard_mumra_enter_the_diamond,
          minmay_crypt_entry_simple_statues, nicolae_vaults_bisected_slash,
          v_misc_9, nicolae_vaults_yaktaur_gun_rack,
          nicolae_vaults_little_squares_4, nicolae_vaults_specimen_jars,
          vaults_room_ringed_pool, nicolae_vaults_back_hallway,
          layout_vaults_maze, uniq_jory, uniq_saint_roka
Vaults:4: vaults_mumra_minichess_inversion, vaults_room_octagon,
          v_alt_pattern_6, vaults_mumra_hex, nicolae_vaults_statue_guard,
          layout_vaults_quadrants, serial_shops, nicolae_shop_hallway_plus
Vaults:5
Crypt:1:  layout_regular_city
Crypt:2:  layout_chaotic_city, eino_tiny_chamber
Crypt:3:  due_elkab, layout_chaotic_city, nicolae_tomb_entry_rubble_hallway,
          chequers_big_river
Depths:1: layout_honeycomb, enter_ziggurat_f,
          nicolae_concentric_dashed_squares_mild, pf_dread_powers_of_hell,
          fedhas_altar_1
Depths:2: evilmike_lava_path, layout_basic, pf_hell_entry_tar_river,
          infiniplex_staircase_pillars_1, rand_demon_pan_entry_8,
          grunt_megastairs_5
Depths:3: emtedronai_trogs_sanctum, layout_cave_pools,
          amcnicky_mini_rare_corridor_liquid, grunt_hell_entry_dis_old,
          abyss_entry_small_statue_room, infiniplex_staircase_x, uniq_josephina
Depths:4: grunt_zot_entry_tricorne, layout_gridlike, pan_entry,
          hangedman_coc_ice_floe
Zot:1:    layout_cellular_growth
Zot:2:    layout_twisted_circle
Zot:3:    layout_misc_corridors, grunt_megastairs_1
Zot:4:    layout_twisted_circle, hangedman_xom_zot_hilarity
Zot:5:    layout_basic

Skill      XL: |  1  2  3  4  5  6  7  8  9 10 11 12 13 14 15 16 17 18 19 20 21 22 23 24 25 26 |
---------------+-------------------------------------------------------------------------------+-----
Axes           | 4 5 11 12 14 15 17 18 19 20 21 22 23 24 25 | 25.9
Fighting       | 4 8 9 10 11 12 13 15 16 17 18 19 20 21 22 23 24 25 | 25.7
Armour         | 3 4 7 8 9 10 11 12 13 14 15 16 17 18 19 20 21 22 23 24 25 | 25.5
Dodging        | 3 7 8 9 10 11 12 13 14 15 16 17 18 19 20 21 22 24 25 | 25.1
Throwing       | 6 7 8 9 11 12 | 12.6
Evocations     | 5 6 8 10 11 12 13 16 19 | 19.8
Shields        | 7 10 | 10.5

Action                     |  1- 3 |  4- 6 |  7- 9 | 10-12 | 13-15 | 16-18 | 19-21 | 22-24 | 25-27 || total
---------------------------+-------+-------+-------+-------+-------+-------+-------+-------+-------++-------
  Melee: Hand axe          |    78 |   125 |   121 |       |       |       |       |       |       ||   324
         Headbutt          |     7 |    11 |    45 |    58 |   118 |   117 |   172 |   184 |   121 ||   833
         Punch             |     2 |     1 |       |     1 |       |       |       |       |       ||     4
         War axe           |       |       |   166 |   137 |       |       |       |       |       ||   303
         Executioner's axe |       |       |       |   174 |   429 |       |       |       |       ||   603
         Broad axe         |       |       |       |       |   263 |   679 |   775 |   753 |   428 ||  2898
  Throw: Javelin           |       |       |       |       |    11 |    73 |    65 |    38 |    13 ||   200
         Throwing net      |       |       |       |       |     4 |     4 |     3 |     3 |       ||    14
 Invoke: Berserk           |     2 |     2 |     2 |     9 |     8 |     9 |     4 |     5 |     1 ||    42
         Trog's Hand       |       |       |       |     3 |     4 |     2 |     6 |     7 |     7 ||    29
         Brothers in Arms  |       |       |       |     2 |       |       |       |     6 |     3 ||    11
  Evoke: Wand              |       |       |     2 |     5 |    36 |    19 |    22 |    55 |     1 ||   140
         Condenser vane    |       |       |       |       |     2 |     1 |     2 |     6 |     1 ||    12
         Phial of floods   |       |       |       |       |       |     1 |       |       |       ||     1
         Box of beasts     |       |       |       |       |       |     1 |       |     3 |       ||     4
         Lightning rod     |       |       |       |       |       |       |       |     6 |       ||     6
         Tin of tremorston |       |       |       |       |       |       |       |     2 |       ||     2
         Phantom mirror    |       |       |       |       |       |       |       |     3 |       ||     3
    Use: Potion            |     5 |     4 |     4 |     8 |     6 |     4 |     5 |    18 |     4 ||    58
         Scroll            |       |     5 |     5 |     2 |    16 |     9 |     2 |    12 |       ||    51
   Stab: Invisible         |       |       |       |     2 |     7 |       |       |     4 |       ||    13
         Confused          |       |       |       |       |     1 |       |       |       |       ||     1
         Distracted        |       |       |       |       |     1 |       |       |       |     2 ||     3
         Held in net/web   |       |       |       |       |       |       |       |     2 |       ||     2
 Armour: Animal skin       |     8 |       |       |       |       |       |       |       |       ||     8
         Chain mail        |    34 |    74 |    96 |     9 |   312 |   267 |   359 |    91 |       ||  1242
         Plate armour      |       |       |    10 |   219 |       |       |       |       |       ||   229
         Crystal plate arm |       |       |       |       |       |       |       |   204 |   260 ||   464
  Dodge: Dodged            |    51 |    57 |   132 |   237 |   450 |   416 |   381 |   394 |   399 ||  2517
  Block: Other             |       |       |       |       |    75 |       |       |       |       ||    75
         Reflection        |       |       |       |       |    21 |   102 |    42 |   121 |    10 ||   296
         Kite shield       |       |       |       |       |   244 |   525 |       |       |       ||   769
         Tower shield      |       |       |       |       |       |   322 |   905 |  1023 |   692 ||  2942

Table legend: (Time is in decaauts)
 A = Elapsed time spent in this place.
 B = Non-inter-level travel time spent in this place.
 C = Inter-level travel time spent in this place.
 D = Time resting spent in this place.
 E = Time spent auto-exploring this place.
 F = Levels seen in this place.
 G = Mean time per level.
                   A        B        C        D        E       F      G
               +--------+--------+--------+--------+--------+-----+--------+
         Total |  72904 |  64823 |   8081 |  12416 |  38117 |  55 | 1325.5 |
       Dungeon |  19964 |  15598 |   4366 |   2255 |   9948 |  15 | 1330.9 |
          Lair |   8909 |   8226 |    683 |   1240 |   5830 |   5 | 1781.8 |
        Shoals |   3724 |   3579 |    145 |    574 |   1998 |   4 |  931.0 |
     Snake Pit |   4754 |   4539 |    215 |    836 |   2687 |   4 | 1188.5 |
  Orcish Mines |   1788 |   1557 |    231 |     54 |   1012 |   2 |  894.0 |
   Elven Halls |   4367 |   4189 |    178 |    706 |   2335 |   3 | 1455.7 |
        Vaults |   8600 |   7490 |   1110 |    681 |   5267 |   5 | 1720.0 |
         Crypt |   4731 |   4562 |    169 |   1796 |   1812 |   3 | 1577.0 |
        Depths |   7113 |   6504 |    609 |   1254 |   4104 |   4 | 1778.2 |
           Zot |   5989 |   5618 |    371 |   1897 |   2553 |   5 | 1197.8 |
         Abyss |    327 |    327 |      0 |     92 |     90 |   1 |  327.0 |
         Trove |    202 |    202 |      0 |      0 |     33 |   1 |  202.0 |
         Sewer |    282 |    282 |      0 |      0 |    104 |   1 |  282.0 |
        Wizlab |   1163 |   1163 |      0 |    557 |    171 |   1 | 1163.0 |
      Gauntlet |    983 |    983 |      0 |    470 |    170 |   1 |  983.0 |
               +--------+--------+--------+--------+--------+-----+--------+

Top non-repeatable levels by time:
  Lair:2: 3167 daAuts
 Crypt:3: 2428 daAuts
     D:8: 2265 daAuts
   Zot:4: 2197 daAuts
Depths:2: 2154 daAuts
Depths:4: 2152 daAuts
Vaults:4: 1996 daAuts
    D:10: 1913 daAuts
   Elf:3: 1850 daAuts
Vaults:3: 1789 daAuts
 Snake:4: 1778 daAuts
     D:9: 1766 daAuts
Vaults:2: 1751 daAuts
     D:7: 1724 daAuts
  Lair:5: 1717 daAuts
